Map: Royal Blood LE

Players

RevenantRage - Winner!

  • Race: Protoss Protoss
  • League: Gold
  • Spawn Location: 7:00

Nachoz

  • Race: Terran Terran
  • League: Gold
  • Spawn Location: 1:00

VOD

Have the link to the VOD?

Description

RevenantRage Vs Nachoz BO3 Game 2

Time

  • Played on: July 12, 2023, 8:17 p.m.
  • Length: 3:09
Show
View Real Time Build Order
Export as new Build Order

RevenantRage Protoss - Winner!

Build Orders:  

Get SALT Encoding   

  12  0:03  Probe  
  13  0:21  Probe  
  14  0:24  Pylon  
  14  0:33  Probe  
  15  0:46  Probe  
  15  0:49  Assimilator  
  16  0:50  Gateway  
  16  0:59  Probe  
  17  1:11  Probe  
  18  1:29  Probe  
  19  1:43  Gateway, Cybernetics Core, Probe  
  19  1:46  Zealot (Chrono Boost)  
  20  1:53  Pylon  
  22  1:55  Probe  
  22  1:58  Assimilator  
  23  2:13  Zealot (Chrono Boost)  
  22  2:31  Zealot (Chrono Boost)  
Show
View Real Time Build Order
Export as new Build Order

Nachoz Terran 

Build Orders:  

Get SALT Encoding   

  12  0:02  SCV  
  13  0:27  Supply Depot  
  13  0:50  Barracks  
  13  0:52  Barracks  
  13  1:05  Barracks  
  13  1:10  SCV  
  14  1:21  Supply Depot  
  14  1:38  Marine  
  14  1:39  Marine  
  16  1:52  Marine  
  17  1:58  Marine x2  
  19  2:10  Marine  
  18  2:16  Marine x2  
  20  2:28  Marine  
  21  2:33  Marine  
  21  2:34  Marine  
  17  2:45  Marine  
Tags
 
Add a new tag
Caveats
  • Supply blocks, unpowered buildings, or Contaminate may cause inaccurate times.
  • Supply counts are checked every 10 seconds.